 Dungeon Crawl Stone Soup version 0.22.1-1-ga44c0e56f4 (webtiles) character file.

295 Peloso the Slasher (level 6, 0/52 HPs)
             Began as a Minotaur Fighter on Oct 3, 2018.
             Slain by Menkaure (20 damage)
             ... on level 4 of the Dungeon.
             The game lasted 00:05:19 (2593 turns).

Peloso the Slasher (Minotaur Fighter)               Turns: 2593, Time: 00:05:20

Health: 0/52       AC:  8    Str: 21    XL:     6   Next: 11%
Magic:  5/5        EV:  8    Int:  5    God:
Gold:   131        SH: 10    Dex: 11    Spells: 5/5 levels left

rFire    . . .     SeeInvis .   a - +0 long sword
rCold    . . .     Gourm    .   c - +0 shield
rNeg     + . .     Faith    .   b - +0 scale mail
rPois    .         Spirit   .   (helmet restricted)
rElec    .         Reflect  .   (no cloak)
rCorr    .         Harm     .   e - +0 pair of gloves
MR       .....                  (no boots)
Stlth    ..........             (no amulet)
HPRegen  0.17/turn              h - ring of positive energy
MPRegen  0.09/turn              (no ring)

@: no status effects
A: retaliatory headbutt, horns 2
a: no special abilities


You were on level 4 of the Dungeon.
You were not hungry.

You visited 1 branch of the dungeon, and saw 4 of its levels.

You collected 131 gold pieces.

Inventory:

Hand Weapons
 a - a +0 long sword (weapon)
Armour
 b - a +0 scale mail (worn)
 c - a +0 shield (worn)
 e - a +0 pair of gloves (worn)
Jewellery
 h - a ring of positive energy (left hand)
Wands
 r - a wand of disintegration (15)
Scrolls
 g - 2 scrolls of magic mapping {unknown}
 j - 3 scrolls of identify {unknown}
 o - a scroll of remove curse {unknown}
 q - a scroll of fear {unknown}
Potions
 d - 2 potions of might
 i - 3 potions of flight {unknown}
 k - 2 potions of curing {unknown}
 l - 3 potions of berserk rage {unknown}
 m - a potion of magic {unknown}
 n - a potion of resistance {unknown}
 p - a potion of mutation {unknown}
Comestibles
 f - 7 rations
 s - 3 chunks of flesh


   Skills:
 + Level 4.2 Fighting
 + Level 5.0 Long Blades
 + Level 4.8 Armour
 + Level 2.2 Dodging
 + Level 4.9 Shields


You had 5 spell levels left.
You didn't know any spells.
Your spell library was empty.

Dungeon Overview and Level Annotations

Branches:
Dungeon (4/15)
 Temple: D:4-7

Altars:

Shops:
D:4 =

Annotations:
D:4 Menkaure


Innate Abilities, Weirdness & Mutations

You reflexively headbutt those who attack you in melee.
You have a pair of horns on your head.


Message History

You closely miss Menkaure. You block Menkaure's attack. x2
You hit Menkaure.
Menkaure is lightly damaged.
You block Menkaure's attack.
Your shield and scale mail prevent you from hitting Menkaure.
You headbutt Menkaure!
Menkaure is moderately damaged.
Menkaure hits you.
Menkaure shouts, "The curse of the Pharaohs be upon you!"
Menkaure hits you.
You completely miss Menkaure.
Menkaure is moderately damaged.
Menkaure closely misses you.
You barely miss Menkaure.
Menkaure is moderately damaged.
Menkaure hits you! Menkaure hits you.
You hit Menkaure but do no damage.
Menkaure is moderately damaged.
Menkaure hits you!!
You die...

...........#
........####
....>...######
.............#
.............#
.............#
...........###
..######...#.#
.# #<.@....#
#..M....#
#..........
............
.............
.......##......
....... ......
####### ......


You could see Menkaure.

Vanquished Creatures
  An orc priest (D:3)
  An orc wizard (D:4)
  2 worker ants (D:4)
  4 gnolls (D:4)
  5 adders
  An ooze (D:2)
  A worm (D:3)
  4 dart slugs
  2 leopard geckos (D:1)
  9 orcs
  3 giant cockroaches
  8 goblins
  7 hobgoblins
  7 kobolds
  3 quokkas
  A ball python (D:2)
  13 bats
  13 frilled lizards
  4 rats
89 creatures vanquished.

Notes
Turn   | Place    | Note
-------+----------+-------------------------------------------
     0 | D:1      | Peloso the Minotaur Fighter began the quest for the Orb.
     0 | D:1      | Reached XP level 1. HP: 19/19 MP: 0/0
    44 | D:1      | Reached XP level 2. HP: 19/27 MP: 1/1
   227 | D:1      | Reached XP level 3. HP: 29/33 MP: 2/2
   488 | D:2      | Reached skill level 3 in Long Blades
  1113 | D:2      | Reached XP level 4. HP: 35/40 MP: 3/3
  1469 | D:3      | Reached skill level 4 in Long Blades
  1469 | D:3      | Reached skill level 1 in Dodging
  1712 | D:3      | Reached XP level 5. HP: 44/46 MP: 4/4
  2388 | D:4      | Found Lyevam's Jewellery Emporium.
  2454 | D:4      | Reached skill level 5 in Long Blades
  2456 | D:4      | Reached XP level 6. HP: 50/52 MP: 5/5
  2580 | D:4      | Noticed Menkaure
  2593 | D:4      | Slain by Menkaure

Skill      XL: |  1  2  3  4  5  6 |
---------------+-------------------+-----
Armour         | 4 |  4.8
Shields        | 4 |  4.9
Fighting       | 4 |  4.2
Long Blades    | 3 4 5 |  5.0
Dodging        | 1 2 |  2.2

Action                   |  1- 3 |  4- 6 || total
-------------------------+-------+-------++-------
Melee: Long sword        |    88 |   119 ||   207
       Headbutt          |     8 |    27 ||    35
  Eat: Chunk             |       |     6 ||     6
Armor: Scale mail        |    58 |    47 ||   105
Dodge: Dodged            |    28 |    49 ||    77
Block: Shield            |    55 |    69 ||   124
       Rpst.: Long sword |     5 |    16 ||    21
